 Dungeon Crawl Stone Soup version 0.22.0 (webtiles) character file.

4867 ventricule the Covert (level 10, -1/56 HPs)
             Began as a Halfling Enchanter on Aug 11, 2018.
             Was a Believer of Dithmenos.
             Slain by a four-headed hydra (10 damage)
             ... on level 1 of the Lair of Beasts.
             The game lasted 00:45:30 (12495 turns).

ventricule the Covert (Halfling Enchanter)         Turns: 12495, Time: 00:45:30

Health: -1/56      AC:  6    Str:  9    XL:     10   Next: 79%
Magic:  9/14       EV: 21    Int: 16    God:    Dithmenos [**....]
Gold:   262        SH:  0    Dex: 16    Spells: 3/15 levels left

rFire    . . .     SeeInvis .   G - +2 dagger (drain)
rCold    . . .     Gourm    .   (shield restricted)
rNeg     . . .     Faith    .   f - +0 robe
rPois    .         Spirit   .   E - +2 hat
rElec    .         Reflect  .   m - +1 cloak (curse)
rCorr    .         Harm     .   (no gloves)
MR       .....                  (no boots)
Stlth    ++++++....             (no amulet)
HPRegen  0.18/turn              (no ring)
MPRegen  0.14/turn              (no ring)

@: about to teleport, wreathed by umbra
A: small, mutation resistance 1
a: Shadow Step, Renounce Religion


You were on level 1 of the Lair of Beasts.
You worshipped Dithmenos.
Dithmenos was pleased with you.
You were not hungry.

You visited 3 branches of the dungeon, and saw 10 of its levels.

You collected 352 gold pieces.
You spent 90 gold pieces at shops.

Inventory:

Hand Weapons
 a - a +2 dagger of draining
 b - a +0 hunting sling of venom
 k - a +2 dagger
 s - a +4 quarterstaff of chaos
 u - a +1 short sword of chaos
 w - a +0 blowgun
 F - a +1 dagger of venom
 G - a +2 dagger of draining (weapon)
Missiles
 j - 28 poisoned needles
 x - 10 tomahawks (quivered)
 y - 11 sling bullets
 z - 4 needles of sleeping
 H - 5 needles of confusion
 Q - 267 stones
Armour
 f - a +0 robe (worn)
 m - a cursed +1 cloak (worn)
 E - a +2 hat (worn)
Jewellery
 r - an uncursed amulet of harm
Wands
 c - a wand of paralysis (8)
 B - a wand of disintegration (11)
 D - a wand of digging (15)
Scrolls
 i - 8 scrolls of identify
 o - 7 scrolls of remove curse
 t - 3 scrolls of teleportation
 I - 2 scrolls of brand weapon
 J - a scroll of amnesia
Potions
 d - 3 potions of might
 g - a potion of cancellation
 h - a potion of flight
 l - a potion of heal wounds
 n - a potion of resistance
 p - a potion of ambrosia
 q - 2 potions of curing
 v - a potion of brilliance
 A - 2 potions of berserk rage {unknown}
Comestibles
 e - 6 rations
 C - 10 chunks of flesh


   Skills:
 + Level 8.7 Short Blades
 + Level 5.6 Slings
 + Level 8.3 Dodging
 + Level 9.4 Stealth
 - Level 3.0 Spellcasting
 - Level 5.0 Hexes
 - Level 3.2 Ice Magic


You had 3 spell levels left.
You knew the following spells:

 Your Spells              Type           Power        Failure   Level  Hunger
a - Ensorcelled Hibernat  Hex/Ice        ###...       5%          2    ##.....
b - Tukima's Dance        Hex            ###.....     7%          3    ###....
c - Confuse               Hex            ###.....     7%          3    ###....
d - Dazzling Spray        Conj/Hex       ##....       21%         3    ###....
v - Corona                Hex            ###....      2%          1    #......

Your spell library contained the following spells:

 Spells                   Type           Power        Failure   Level  Hunger


Dungeon Overview and Level Annotations

Branches:
Dungeon (8/15)             Temple (1/1) D:5            Lair (1/6) D:8

Altars:
Ashenzari
Dithmenos
Elyvilon
Fedhas
Gozag
Hepliaklqana
Kikubaaqudgha
Makhleb
Nemelex Xobeh
Okawaru
Qazlal
Ru
Sif Muna
Trog
Uskayaw
Vehumet
Wu Jian
Xom
Yredelemnul
Zin
The Shining One

Shops:
D:8 }

Annotations:
D:4 2 transporters, biddum's ghost, novice HaHu


Innate Abilities, Weirdness & Mutations

You are small and have problems with some larger weapons.
You are somewhat resistant to further mutation.


Message History

MASSIVE DAMAGE!!
Aim: a four-headed hydra (umbra, chance to defeat MR: 15%)
Okay, then.
Aim: a four-headed hydra (umbra, chance to defeat MR: 17%)
The four-headed hydra resists with almost no effort.
The four-headed hydra misses you. The four-headed hydra bites you.
The four-headed hydra bites you!
* * * LOW HITPOINT WARNING * * *
The four-headed hydra bites you.
* * * LOW HITPOINT WARNING * * *
You take 19 damage, and have 19/56 hp.
MASSIVE DAMAGE!!
You now have 9/14 mp.
As you read the scroll of teleportation, it crumbles to dust.
You feel strangely unstable.
The four-headed hydra completely misses you.
The four-headed hydra misses you. The four-headed hydra bites you!
* * * LOW HITPOINT WARNING * * *
The four-headed hydra bites you!
You die...

..#####...##.....##..P.
.....##...##.#...P#....
....#.#.[##..#รท..##
.#. #l.....#.#.#...# .
#......>.......# .
#...P.P.##.#...#
...#...P.P..#......PP
.......P.P#.##.....PP
..F....@....##........
...##.DP.P.........PPPP
.. #..............PPPP
#....#..#........
#.......##.. #.......#
.. #...%.#.# .......


You could see a four-headed hydra, a spiny frog and a basilisk.

Vault maps used:
D:1:      dpeg_arrival_houses_and_road
D:2:      marbit_many_paths, uniq_crazy_yiuf_cottage
D:3:      zin_purify, elyvilon_altar_1, minitemple,
          gammafunk_ghost_nasty_kobolds, feat_on_display, uniq_jessica,
          uniq_natasha
D:4:      gammafunk_ghost_arena, led_sif_pool
D:5:      minmay_temple_entry_grid, first_ration, cheibrodos_ashenzari_chains
D:6:      makhleb_heckhound_becter, sigmund_army
D:7:      lemuel_crystal_altar
D:8:      kennysheep_mini, chequers_temple_overflow_minitemple,
          erik_lair_orcish_takeover, serial_shops, kennysheep_little_box,
          uniq_prince_ribbit1
Temple:   compressed_dpeg_triangle_lava_temple
Lair:1:   serial_forest, infiniplex_forest_straight_5,
          infiniplex_forest_straight_2, infiniplex_forest_corner_2,
          infiniplex_forest_end_2, infiniplex_forest_lined_1,
          infiniplex_forest_clump_medium, basic_altar, serial_bayou_pond_c,
          infiniplex_staircase_pool_2, minmay_lair_oklob_chamber

Notes
Turn   | Place    | Note
-------+----------+-------------------------------------------
     0 | D:1      | ventricule the Halfling Enchanter began the quest for the Orb.
     0 | D:1      | Reached XP level 1. HP: 11/11 MP: 3/3
   148 | D:1      | Reached XP level 2. HP: 14/17 MP: 2/4
   152 | D:1      | Learned a level 2 spell: Ensorcelled Hibernation
   799 | D:1      | Reached XP level 3. HP: 18/21 MP: 5/5
  1034 | D:2      | Reached skill level 2 in Short Blades
  1414 | D:2      | Reached skill level 2 in Spellcasting
  1414 | D:2      | Reached XP level 4. HP: 27/27 MP: 3/7
  1457 | D:2      | Learned a level 3 spell: Confuse
  1603 | D:2      | Found a runed door.
  1615 | D:2      | Noticed Crazy Yiuf
  1625 | D:2      | Identified 5 scrolls of identify
  1625 | D:2      | Identified a potion of heal wounds
  1638 | D:2      | Identified a scroll of enchant weapon
  1639 | D:2      | Identified a scroll of remove curse
  1639 | D:2      | HP: 2/27 [Crazy Yiuf/quarterstaff of chaos (9)]
  1738 | D:2      | HP: 1/27 [Crazy Yiuf/quarterstaff of chaos (10)]
  2276 | D:2      | Found a radiant altar of Vehumet.
  2408 | D:2      | Killed Crazy Yiuf
  2408 | D:2      | Reached skill level 3 in Dodging
  2408 | D:2      | Reached skill level 4 in Stealth
  2417 | D:2      | Identified a cursed +0 cloak (You took it off Crazy Yiuf on level 2 of the Dungeon)
  2533 | D:2      | Reached skill level 3 in Hexes
  2533 | D:2      | Reached XP level 5. HP: 17/31 MP: 0/8
  3004 | D:2      | Identified a +2 dagger of draining (You took it off an orc on level 2 of the Dungeon)
  3107 | D:3      | Identified a scroll of blinking
  3108 | D:3      | Identified a scroll of teleportation
  3109 | D:3      | Identified a scroll of immolation
  3119 | D:3      | Noticed Natasha
  3124 | D:3      | Found a white marble altar of Elyvilon.
  3133 | D:3      | Killed Natasha
  3133 | D:3      | Reached skill level 1 in Ice Magic
  3219 | D:3      | Found a runed gate.
  3220 | D:3      | Noticed jazmu's ghost (amateur GrEE)
  3221 | D:3      | Found a runed gate.
  3221 | D:3      | Found a runed gate.
  3223 | D:3      | Found Zin's Purification Station.
  3228 | D:3      | Found a glowing silver altar of Zin.
  3234 | D:3      | Bought a potion of curing for 90 gold pieces
  3307 | D:3      | Noticed Natasha
  3322 | D:3      | Killed Natasha
  3322 | D:3      | Reached skill level 2 in Ice Magic
  3322 | D:3      | Reached XP level 6. HP: 36/36 MP: 6/9
  3327 | D:3      | Learned a level 3 spell: Tukima's Dance
  3356 | D:3      | Found a bloodstained altar of Trog.
  3357 | D:3      | Found a glowing golden altar of the Shining One.
  3417 | D:3      | Noticed Jessica
  3996 | D:3      | Killed Jessica
  3996 | D:3      | Reached skill level 3 in Ice Magic
  4067 | D:3      | Noticed Natasha
  4071 | D:3      | Killed Natasha
  4159 | D:3      | Identified a potion of ambrosia
  4160 | D:3      | Identified an amulet of harm (You found it on level 3 of the Dungeon)
  4162 | D:3      | Identified 2 potions of might
  4163 | D:3      | Identified a potion of resistance
  4164 | D:3      | Identified a potion of flight
  4165 | D:3      | Identified a potion of cancellation
  4249 | D:4      | Reached skill level 3 in Short Blades
  4255 | D:4      | Noticed an orc warrior
  4256 | D:4      | Noticed a six-headed hydra
  4256 | D:4      | Noticed biddum's ghost (novice HaHu)
  4749 | D:3      | Reached XP level 7. HP: 24/41 MP: 2/10
  5015 | D:4      | Identified a scroll of amnesia
  5061 | D:4      | Found a deep blue altar of Sif Muna.
  5180 | D:4      | Found a transporter.
  5218 | D:4      | HP: 7/41 [orc warrior/trident (14)]
  5518 | D:4      | Found a transporter.
  5623 | D:4      | Identified a +0 hunting sling (You found it on level 3 of the Dungeon)
  6028 | D:5      | Entered Level 5 of the Dungeon
  6030 | D:5      | Reached skill level 4 in Dodging
  6073 | D:5      | Found a shattered altar of Ashenzari.
  6099 | D:5      | Reached skill level 5 in Stealth
  6477 | D:5      | Found a staircase to the Ecumenical Temple.
  6481 | Temple   | Entered the Ecumenical Temple
  6523 | Temple   | Became a worshipper of Dithmenos the Shadowed
  6636 | D:5      | Reached skill level 4 in Short Blades
  6845 | D:4      | Reached skill level 4 in Hexes
  6845 | D:4      | Reached XP level 8. HP: 46/46 MP: 2/11
  7638 | D:3      | HP: 10/46 [jazmu's ghost/stone arrow (30)]
  7822 | D:3      | Killed jazmu's ghost
  7962 | D:5      | Reached skill level 5 in Short Blades
  7962 | D:5      | Reached skill level 5 in Dodging
  7962 | D:5      | Reached skill level 6 in Stealth
  8249 | D:5      | You fall through a shaft!
  8570 | D:5      | Reached * piety under Dithmenos
  8964 | D:6      | Reached XP level 9. HP: 35/51 MP: 12/12
  8969 | D:6      | Learned a level 3 spell: Dazzling Spray
  9293 | D:6      | Reached skill level 6 in Short Blades
  9300 | D:6      | Reached skill level 6 in Dodging
  9300 | D:6      | Reached skill level 7 in Stealth
  9422 | D:6      | Reached skill level 5 in Hexes
  9591 | D:6      | Identified a scroll of noise
  9975 | D:6      | Identified a potion of brilliance
  9976 | D:6      | Identified a scroll of enchant armour
  9977 | D:6      | Found a burning altar of Makhleb.
 10490 | D:7      | Noticed a hippogriff
 10493 | D:7      | Killed a hippogriff
 10535 | D:7      | Found a sacrificial altar of Ru.
 10556 | D:7      | Reached skill level 7 in Short Blades
 10850 | D:7      | Identified a +2 hat (You found it on level 7 of the Dungeon)
 10917 | D:7      | Reached skill level 7 in Dodging
 10917 | D:7      | Reached skill level 8 in Stealth
 10917 | D:7      | Reached skill level 3 in Spellcasting
 10920 | D:7      | Reached ** piety under Dithmenos
 11195 | D:8      | Reached skill level 1 in Slings
 11195 | D:8      | Reached XP level 10. HP: 56/56 MP: 8/14
 11199 | D:8      | Found a staircase to the Lair.
 11215 | D:7      | Reached skill level 2 in Slings
 11403 | D:8      | Found an ancient bone altar of Kikubaaqudgha.
 11418 | D:8      | Noticed Prince Ribbit
 11486 | D:8      | Reached skill level 3 in Slings
 11490 | D:8      | Killed Prince Ribbit
 11490 | D:8      | Reached skill level 8 in Short Blades
 11510 | D:8      | Identified a +2 dagger of draining (You took it off an orc on level 8 of the Dungeon)
 11511 | D:8      | Identified a +1 dagger of venom (You took it off an orc on level 8 of the Dungeon)
 11629 | D:8      | Reached skill level 4 in Slings
 11775 | D:8      | Reached skill level 9 in Stealth
 11815 | D:8      | Found Waaqeed's Gadget Emporium.
 11863 | D:8      | Identified 3 scrolls of brand weapon
 11989 | D:8      | Reached skill level 8 in Dodging
 12000 | D:8      | Found a faded altar of an unknown god.
 12000 | D:8      | Found a hide-covered altar of Uskayaw.
 12006 | D:8      | Found an ornate altar of the Wu Jian Council.
 12008 | D:8      | Found an opulent altar of Gozag.
 12010 | D:8      | Found a blossoming altar of Fedhas.
 12051 | D:8      | HP: 14/56 [poisoned by an orc wizard]
 12275 | D:8      | Reached skill level 5 in Slings
 12386 | Lair:1   | Entered Level 1 of the Lair of Beasts
 12390 | Lair:1   | Noticed a spiny frog
 12394 | Lair:1   | Killed a spiny frog
 12486 | Lair:1   | Noticed a four-headed hydra
 12493 | Lair:1   | Noticed a spiny frog
 12495 | Lair:1   | HP: 9/56 [four-headed hydra (10)]
 12495 | Lair:1   | Slain by a four-headed hydra

Table legend:
 A = Turns spent in this place as a percentage of turns spent in the entire game.
 B = Non-inter-level travel turns spent in this place as a percentage of non-inter-level travel turns spent in the entire game.
 C = Inter-level travel turns spent in this place as a percentage of turns spent in this place.
 D = Turns resting spent in this place as a percentage of non-inter-level travel turns spent in this place.
 E = Turns spent auto-exploring this place as a percentage of non-inter-level travel turns spent in this place.
 F = Non-inter-level travel turns spent in this place divided by the number of levels of this place that you've seen.
                   A       B       C       D       E      F
               +-------+-------+-------+-------+-------+----------------------
         Total | 100.0 | 100.0 |   4.7 |  36.0 |  37.4 | 1190.4
       Dungeon |  98.7 |  98.7 |   4.7 |  36.2 |  37.6 | 1468.5
        Temple |   0.5 |   0.4 |  17.5 |   0.0 |   0.0 |  47.0
          Lair |   0.9 |   0.9 |   0.0 |  28.4 |  30.3 | 109.0
               +-------+-------+-------+-------+-------+----------------------

Table legend:
 A = Kills in this place as a percentage of kills in entire the game.
 B = Kills by you in this place as a percentage of kills by you in the entire game.
 C = Kills by friends in this place as a percentage of kills by friends in the entire game.
 D = Other kills in this place as a percentage of other kills in the entire game.
 E = Experience gained in this place as a percentage of experience gained in the entire game.
 F = Experience gained in this place divided by the number of levels of this place that you have seen.
                   A       B       C       D       E      F
               +-------+-------+-------+-------+-------+----------------------
         Total | 100.0 | 100.0 | 100.0 | 100.0 | 100.0 | 695.4
       Dungeon |  98.1 |  98.1 | 100.0 | 100.0 |  88.9 | 772.8
          Lair |   1.9 |   1.9 |   0.0 |   0.0 |  11.1 | 772.0
               +-------+-------+-------+-------+-------+----------------------

Skill      XL: |  1  2  3  4  5  6  7  8  9 10 |
---------------+-------------------------------+-----
Short Blades   | 2 3 4 5 7 8 |  8.7
Spellcasting   | 2 3 |  3.0
Dodging        | 3 4 5 7 8 |  8.3
Stealth        | 4 5 6 8 9 |  9.4
Hexes          | 3 4 5 |  5.0
Ice Magic      | 2 3 |  3.2
Slings         | 1 5 |  5.6

Action                   |  1- 3 |  4- 6 |  7- 9 | 10-12 || total
-------------------------+-------+-------+-------+-------++-------
Melee: Dagger            |   128 |   118 |   364 |   136 ||   746
Throw: Tomahawk          |       |       |     8 |       ||     8
       Stone             |       |       |     3 |       ||     3
 Cast: Corona            |     7 |     3 |       |       ||    10
       Ensorcelled Hiber |     8 |    32 |    58 |    24 ||   122
       Confuse           |       |     3 |    20 |     6 ||    29
       Tukima's Dance    |       |       |    11 |     2 ||    13
       Dazzling Spray    |       |       |       |     1 ||     1
Invok: Shadow Step       |       |       |       |     1 ||     1
Evoke: Wand              |       |       |     4 |       ||     4
  Use: Scroll            |       |    11 |     6 |     2 ||    19
       Potion            |       |       |     1 |     1 ||     2
 Stab: Sleeping          |    13 |    18 |    42 |    21 ||    94
       Distracted        |       |     1 |       |     1 ||     2
       Confused          |       |     1 |     6 |     4 ||    11
       Paralysed         |       |       |     1 |       ||     1
  Eat: Chunk             |     3 |     9 |    14 |     8 ||    34
       Ration            |       |     2 |     4 |       ||     6
Armor: Robe              |    27 |    13 |    26 |    12 ||    78
Dodge: Dodged            |   138 |    90 |   256 |    73 ||   557

Vanquished Creatures
  A spiny frog (Lair:1)
  Prince Ribbit (D:8)
  A hippogriff (D:7)
  2 hungry ghosts (D:8)
  3 wargs
  A water moccasin (Lair:1)
  The ghost of jazmu the Digger, an amateur GrEE (D:3)
  4 orc warriors
  An ice beast (D:5)
  A phantom (D:5)
  6 ogres
  2 crocodiles (Lair:1)
  2 centaurs
  A big kobold (D:8)
  4 bullfrogs
  A wyvern skeleton (D:8)
  2 scorpions
  4 howler monkeys
  A bullfrog zombie (D:6)
  2 centaur zombies (D:6)
  2 crimson imps
  3 hounds
  4 orc priests
  Crazy Yiuf (D:2)
  2 jellies
  A bullfrog skeleton (D:6)
  Jessica (D:3)
  An iguana (D:8)
  5 worker ants
  Natasha (thrice) (D:3)
  10 orc wizards
  A worker ant zombie (D:5)
  12 gnolls
  10 adders
  A shadow imp (D:2)
  An adder zombie (D:7)
  An adder skeleton (D:6)
  A worm (D:2)
  5 leopard geckos
  34 orcs
  5 giant cockroaches
  7 goblins
  7 hobgoblins
  11 jackals
  18 kobolds
  A quokka (D:5)
  12 bats
  3 frilled lizards
  A giant cockroach zombie (D:5)
  A leopard gecko skeleton (D:4)
  2 quokka zombies (D:5)
  4 rats
212 creatures vanquished.

Vanquished Creatures (collateral kills)
  An orc priest (D:6)
  A gnoll (D:6)
2 creatures vanquished.

Vanquished Creatures (others)
  3 dancing weapons
3 creatures vanquished.

Grand Total: 217 creatures vanquished
